 Dungeon Crawl Stone Soup version 0.27-a0-819-g058290f16d (webtiles) character file.

Game seed: 11874365039350618523

224 dickylongcocking the Magician (level 6, 0/40 HPs)
             Began as a Djinni Hedge Wizard on Mar 30, 2021.
             Slain by a ball python (2 damage)
             ... on level 3 of the Dungeon.
             The game lasted 00:02:58 (4760 turns).

dickylongcocking the Magician (Djinni Hedge Wizard) Turns: 4760, Time: 00:02:59

Health: 0/40       AC:  3    Str: 10    XL:     6   Next: 0%
Gold:   149        EV: 11    Int: 16    God:
                   SH:  0    Dex: 13

rFire    + + .     SeeInvis .   h - +1 halberd (vamp)
rCold    x . .     Faith    .   (shield currently unavailable)
rNeg     . . .     Spirit   .   f - +0 leather armour
rPois    ∞         Reflect  .   c - +0 hat
rElec    .         Harm     .   (no cloak)
rCorr    .         Rampage  .   (no gloves)
Will     .....                  (boots unavailable)
Stlth    ++........             (no amulet)
HPRegen  0.13/turn              (no ring)
MPRegen  0.00/turn              (no ring)

@: flying
A: fire resistance 2, cold vulnerability 1, float, innate caster, hp casting,
extra vitality 1
a: no special abilities


You were on level 3 of the Dungeon.
You visited 1 branch of the dungeon, and saw 3 of its levels.

You collected 149 gold pieces.

Inventory:

Hand Weapons
 a - a +0 dagger
 d - a +0 hand axe of venom
 h - a +1 vampiric halberd (weapon)
Armour
 b - a +0 robe
 c - a +0 hat (worn)
 f - a +0 leather armour (worn)
Jewellery
 e - an amulet of guardian spirit
Scrolls
 g - 2 scrolls of magic mapping {unknown}
 j - 2 scrolls of identify {unknown}
 k - a scroll of fog {unknown}
Potions
 i - a potion of degeneration {unknown}
 l - 2 potions of might {unknown}
 m - a potion of heal wounds {unknown}
 n - a potion of curing {unknown}


   Skills:
 - Level 2.2 Dodging
 - Level 1.6 Stealth
 * Level 5.5 Spellcasting


You couldn't memorise any spells.
You knew the following spells:

 Your Spells              Type           Power      Damage    Failure   Level
a - Magic Dart            Conj           88%        1d7       1%          1
b - Blink                 Tloc           N/A        N/A       3%          2
c - Call Imp              Summ           22%        N/A       3%          2
d - Slow                  Hex            22%        N/A       3%          2
e - Conjure Flame         Conj/Fire      22%        6-21      6%          3
f - Mephitic Cloud        Conj/Pois/Air  22%        N/A       6%          3
g - Animate Skeleton      Necr           44%        N/A       1%          1
h - Passwall              Tmut/Erth      18%        N/A       3%          2
Your spell library was empty.

Dungeon Overview and Level Annotations

Branches:
Dungeon (3/15)

Altars:


Innate Abilities, Weirdness & Mutations

You are immune to poison.
Your flesh is very heat resistant. (rF++)
You are vulnerable to cold. (rC-)
You float through the air rather than walking.
You learn spells naturally, not from books.
Your magical power is your life essence.
You have superior vitality. (+4 HP)


Message History

The orc is severely wounded.
Your crimson imp blinks!
The orc hits you with a +2 flail of holy wrath.
You barely miss the orc.
The orc is severely wounded.
The orc hits you with a +2 flail of holy wrath! x2
* * * LOW HITPOINT WARNING * * *
You closely miss the orc.
The orc is severely wounded.
Your crimson imp blinks!
The orc closely misses you.
Unknown command.
The orc hits you with a +2 flail of holy wrath!
* * * LOW HITPOINT WARNING * * *
You see here a book of Callings.
Casting: Call Imp (safe; 3% risk of failure)
Confirm with . or Enter, or press ? or * to list all spells.
You don't have enough health to cast this spell.
Unknown command.
Unknown command.
Your crimson imp blinks!
Casting: Call Imp (safe; 3% risk of failure)
Confirm with . or Enter, or press ? or * to list all spells.
Okay, then.
Casting: Call Imp (safe; 3% risk of failure)
Confirm with . or Enter, or press ? or * to list all spells.
You blink.
* * * LOW HITPOINT WARNING * * *
Unknown command.
Unknown command.
Unknown command.
A ball python comes into view.
The ball python hisses angrily.
Reach: h) +1 halberd (vamp)
Press: ? - help, Dir - move target, f - ball python
Aim: a ball python (about 58% to evade your +1 vampiric halberd)
You barely miss the ball python. The ball python bites you.
* * * LOW HITPOINT WARNING * * *
The ball python misses you. The ball python bites you.
You die...

##...# #.............#
####.#.. #...#
#.............# ...##.
#...# #.............#
### #. #...#
#.............# #.
#...# #.............#
#. #...# #. #...#
############### #.
#.............# ....
#.....@.......# .#.#
#.....S.......# .#.#
#.............# .#.#
#.............# .#.#
#...........o.#####.#.#
##########+##5#.....#.#
#.##......##.#
#)......#.##.#
#.:#....#.##.#


You could see an orc, a ball python (ally target) and a friendly crimson imp
(summoned).

Vanquished Creatures
  2 orcs (D:3)
  6 ball pythons
  6 endoplasms
  5 goblins (D:1)
  4 hobgoblins
  3 jackals (D:3)
  3 quokkas
  3 bats
  2 frilled lizards (D:1)
  3 kobolds
  7 rats
44 creatures vanquished.

Vanquished Creatures (collateral kills)
  A water moccasin (D:3)
  A necrophage (D:3)
  Jessica (D:3)
  An iguana (D:3)
  A gnoll (D:1)
  6 adders
  A worm (D:3)
  A dart slug (D:3)
  An orc (D:3)
  2 bats (D:1)
  A goblin (D:2)
  A hobgoblin (D:3)
  2 ball pythons
20 creatures vanquished.

Grand Total: 64 creatures vanquished

Notes
Turn   | Place    | Note
-------+----------+-------------------------------------------
     0 | D:1      | dickylongcocking the Djinni Hedge Wizard began the quest
                  | for the Orb.
     0 | D:1      | Reached XP level 1. HP: 15/15 MP: 0/0
   388 | D:1      | Reached skill level 3 in Spellcasting
   590 | D:1      | Reached XP level 2. HP: 18/21 MP: 0/0
  1526 | D:1      | Reached XP level 3. HP: 8/25 MP: 0/0
  1526 | D:1      | Learned a level 1 spell: Animate Skeleton
  2270 | D:2      | Reached skill level 4 in Spellcasting
  2276 | D:2      | Reached XP level 4. HP: 17/31 MP: 0/0
  3114 | D:3      | Noticed a necrophage
  3178 | D:3      | Killed a necrophage
  3179 | D:3      | Reached XP level 5. HP: 5/35 MP: 0/0
  3179 | D:3      | Learned a level 2 spell: Passwall
  3678 | D:3      | Noticed a water moccasin
  3709 | D:3      | Killed a water moccasin
  3710 | D:3      | Reached skill level 5 in Spellcasting
  4326 | D:3      | Noticed Jessica
  4340 | D:3      | Killed Jessica
  4728 | D:3      | Reached XP level 6. HP: 40/40 MP: 0/0
  4735 | D:3      | HP: 2/40 [orc/+2 flail of holy wrath (10)]
  4760 | D:3      | HP: 2/40 [ball python (1)]
  4760 | D:3      | Slain by a ball python

Illustrated notes

Levels and vault maps discovered:
D:1:      erik_arrival_cave_to_civilisation [erik_arrival_cave_to_hall],
          layout_basic, amcnicky_mini_rare_corridor_liquid
D:2:      layout_rooms
D:3:      layout_basic, kennysheep_generic_room_2, uniq_jessica

Skill      XL: |  1  2  3  4  5 |
---------------+----------------+-----
Spellcasting   | 3 4 5 |  5.5
Dodging        | |  2.2
Stealth        | |  1.6

Action                   |  1- 3 |  4- 6 || total
-------------------------+-------+-------++-------
Melee: Hand axe          |    26 |       ||    26
       Dagger            |     1 |       ||     1
       Halberd           |    27 |    69 ||    96
 Cast: Magic Dart        |    13 |       ||    13
       Call Imp          |     8 |    32 ||    40
       Blink             |       |     1 ||     1
 Stab: Sleeping          |     2 |     4 ||     6
       Distracted        |       |     1 ||     1
Armor: Leather armour    |    24 |    20 ||    44
Dodge: Dodged            |    60 |    54 ||   114

Table legend: (Time is in decaauts)
 A = Elapsed time spent in this place.
 B = Non-inter-level travel time spent in this place.
 C = Inter-level travel time spent in this place.
 D = Time resting spent in this place.
 E = Time spent auto-exploring this place.
 F = Levels seen in this place.
 G = Mean time per level.
                   A        B        C        D        E       F      G
               +--------+--------+--------+--------+--------+-----+--------+
         Total |   4817 |   4732 |     85 |    870 |   3224 |   3 | 1605.7 |
       Dungeon |   4817 |   4732 |     85 |    870 |   3224 |   3 | 1605.7 |
               +--------+--------+--------+--------+--------+-----+--------+

Top non-repeatable levels by time:
     D:1: 2232 daAuts
     D:3: 1853 daAuts
     D:2: 731 daAuts
